 Dungeon Crawl Stone Soup version 0.23.2-1-ga50397a (webtiles) character file.

Game seed: 13125321718525496790

290 troglodite the Covert (level 6, -1/41 HPs)
             Began as an Octopode Assassin on May 7, 2019.
             Slain by a bullfrog (7 damage)
             ... in a sewer.
             The game lasted 00:10:44 (2699 turns).

troglodite the Covert (Octopode Assassin)           Turns: 2699, Time: 00:10:45

Health: -1/41      AC:  3    Str: 10    XL:     6   Next: 32%
Magic:  7/7        EV: 13    Int: 14    God:
Gold:   65         SH:  0    Dex: 15    Spells: 7/7 levels left

rFire    . . .     SeeInvis +   a - +2 dagger
rCold    . . .     Gourm    .   (no shield)
rNeg     . . .     Faith    .   (helmet restricted)
rPois    .         Spirit   .   (no amulet)
rElec    .         Reflect  .   e - +2 ring of protection
rCorr    .         Harm     .   l - ring of see invisible
MR       .....                  (no ring)
Stlth    +++++.....             (no ring)
HPRegen  0.13/turn              (no ring)
MPRegen  0.10/turn              (no ring)
                                (no ring)
                                (no ring)

@: no status effects
A: almost no armour, stealthy swim, amphibious, 8 rings, constrict 8, camouflage
1, gelatinous body 1
a: no special abilities


You were in a sewer.
You were hungry.

You visited 1 branch of the dungeon, and saw 3 of its levels.
You also visited: Sewer.

You collected 65 gold pieces.

Inventory:

Hand Weapons
 a - a +2 dagger (weapon)
 b - a +0 blowgun
Missiles
 c - 18 poisoned needles
 d - 2 curare-tipped needles
Jewellery
 e - a +2 ring of protection (left tentacle)
 l - a ring of see invisible (right tentacle)
Wands
 m - a wand of clouds (3)
Scrolls
 k - a scroll of enchant weapon {unknown}
 n - 2 scrolls of teleportation {unknown}
 r - a scroll of enchant armour {unknown}
 s - a scroll of fog {unknown}
 t - a scroll of identify {unknown}
Potions
 g - a potion of haste {unknown}
 i - a potion of lignification {unknown}
 j - 2 potions of curing {unknown}
 o - a potion of degeneration {unknown}
 p - a potion of magic {unknown}
 q - a potion of heal wounds {unknown}
Comestibles
 f - 5 rations
 h - 12 chunks of flesh


   Skills:
 * Level 2.5 Fighting
 * Level 3.7 Short Blades
 + Level 2.0 Throwing
 * Level 2.0 Dodging
 * Level 8.1 Stealth
 * Level 1.0 Spellcasting


You had 7 spell levels left.
You didn't know any spells.
Your spell library was empty.

Dungeon Overview and Level Annotations

Branches:
Dungeon (3/15)

Altars:


Innate Abilities, Weirdness & Mutations

You cannot wear most types of armour.
You are very stealthy in the water. (Stealth+)
You are amphibious.
You can wear up to eight rings at the same time.
You can use your tentacles to constrict eight enemies at once.
Your skin changes colour to match your surroundings (Stealth+).
Your rubbery body absorbs attacks. (AC +1, EV +1)


Message History

You kill the bullfrog!
Your Dodging skill increases to level 2!
Your Stealth skill increases to level 8!
Your Spellcasting skill increases to level 1!
The bullfrog closely misses you.
You barely miss the bullfrog. Your grab misses the bullfrog.
Your squeeze misses the bullfrog. The bullfrog hits you.
Unknown command.
You hit the bullfrog. Your grab misses the bullfrog.
The bullfrog is lightly wounded.
The bullfrog barely misses you.
Unknown command.
You hit the bullfrog. You grab the bullfrog.
The bullfrog is moderately wounded.
You constrict the bullfrog. The bullfrog hits you!
* * * LOW HITPOINT WARNING * * *
The giant cockroach bites you but does no damage.
Unknown command.
You release your grip on the bullfrog.
The bullfrog hits you!
You die...

##.##≈≈#≈≈≈## ##≈≈≈#≈≈#
#.≈#≈≈≈#≈≈## ##≈≈#≈≈≈
#≈≈#≈###≈≈# #≈≈##≈≈
#≈≈#≈#≈≈.##≈≈≈≈≈≈≈##.≈#≈≈
#.≈#≈#∩≈≈# ≈≈≈≈≈≈≈ #≈.#≈.
#≈≈#≈#.≈.# ≈≈≈≈.≈≈ #≈≈#≈≈
#≈≈#.##.≈# .≈≈...≈ #≈≈#≈≈
#≈≈#..#.≈# ≈≈.!..≈ #÷÷#≈≈
#÷≈#÷≈#≈@# ≈.$?$.≈ #≈.#≈.
#≈≈≈≈≈#.F##†.≈!.≈≈##≈.#≈≈
#≈≈≈≈≈#.ssJ.≈≈.≈≈≈#≈≈##.≈
#.≈..≈###l.†≈≈≈≈≈##.≈#≈≈≈
#######≈###≈.≈≈≈##≈..#.≈#
#≈≈≈≈≈#######.÷≈##≈≈#
#≈≈≈≈.≈≈≈≈≈≈≈≈≈.#≈≈≈#
##≈≈##≈≈≈≈.≈.≈≈##≈≈##
##≈≈##≈.≈≈≈≈≈##≈≈≈#


You could see a bullfrog, 2 giant cockroaches and a frilled lizard.

Vanquished Creatures
  A bullfrog (Sewer)
  A centaur skeleton (D:3)
  A gnoll (D:3)
  7 adders
  4 oozes
  A worm (D:3)
  12 leopard geckos
  An orc (D:3)
  11 ball pythons (Sewer)
  14 giant cockroaches
  7 goblins
  5 hobgoblins
  4 jackals (D:1)
  7 bats
  11 frilled lizards
  6 kobolds
  4 rats
97 creatures vanquished.

Notes
Turn   | Place    | Note
-------+----------+-------------------------------------------
     0 | D:1      | troglodite the Octopode Assassin began the quest for the
                  | Orb.
     0 | D:1      | Reached XP level 1. HP: 14/14 MP: 1/1
   183 | D:1      | Reached XP level 2. HP: 19/19 MP: 2/2
   325 | D:1      | Reached skill level 6 in Stealth
   678 | D:1      | Reached XP level 3. HP: 23/24 MP: 3/3
  1171 | D:2      | Reached XP level 4. HP: 27/29 MP: 4/4
  1522 | D:3      | Reached skill level 7 in Stealth
  1528 | D:3      | Reached XP level 5. HP: 8/34 MP: 5/5
  1547 | D:3      | Noticed an ice beast
  1581 | D:3      | Found a glowing drain.
  1595 | Sewer    | Entered a sewer
  2660 | Sewer    | Reached XP level 6. HP: 37/41 MP: 7/7
  2695 | Sewer    | Reached skill level 8 in Stealth
  2695 | Sewer    | Reached skill level 1 in Spellcasting
  2699 | Sewer    | Slain by a bullfrog

Skill      XL: |  1  2  3  4  5  6 |
---------------+-------------------+-----
Stealth        | 6 7 8 |  8.1
Short Blades   | 3 |  3.7
Dodging        | 2 |  2.0
Spellcasting   | 1 |  1.0
Fighting       | |  2.5
Throwing       | |  2.0

Action                   |  1- 3 |  4- 6 || total
-------------------------+-------+-------++-------
Melee: Dagger            |    77 |   122 ||   199
       Constrict         |    15 |    29 ||    44
       Tentacles         |     9 |    24 ||    33
 Stab: Sleeping          |    10 |    14 ||    24
       Distracted        |     1 |     1 ||     2
  Eat: Chunk             |       |     5 ||     5
Armor: Skin              |    12 |    33 ||    45
Dodge: Dodged            |    39 |    91 ||   130
